 Dungeon Crawl Stone Soup version 0.18.1-1-g2f07953 (webtiles) character file.

109 oplop the Insei (level 4, 0/28 HPs)
             Began as an Octopode Transmuter on May 7, 2016.
             Slain by a kobold
             ... wielding a +1 short sword of venom
              (2 damage)
             ... on level 2 of the Dungeon.
             The game lasted 00:02:46 (1465 turns).

oplop the Insei (Octopode Transmuter)               Turns: 1465, Time: 00:02:47

Health: 0/28       AC:  1    Str:  9    XL:     4   Next: 89%
Magic:  7/8        EV: 12    Int: 16    God:
Gold:   103        SH:  0    Dex: 12    Spells: 1 memorised, 7 levels left

rFire  + . .     SeeInvis .       - Unarmed
rCold  . . .     Gourm    .     (no shield)
rNeg   . . .     Faith    .     (helmet restricted)
rPois  .         Spirit   .     (no amulet)
rElec  .         Dismiss  .     f - ring of protection from fire
rCorr  .         Reflect  .     (no ring)
SustAt .         Harm     .     (no ring)
MR     .....                    (no ring)
Stlth  ++........               (no ring)
                                (no ring)
                                (no ring)
                                (no ring)

@: appendage (expiring), not resistant to hostile enchantments, unstealthy
A: almost no armour, amphibious, 8 rings, constrict 8, tentacle spike 3,
camouflage 1, gelatinous body 1
a: End Transformation


You were on level 2 of the Dungeon.
You were not hungry.
One of your tentacles had a temporary spike.
You visited 1 branch of the dungeon, and saw 2 of its levels.

You collected 103 gold pieces.

Inventory:

Missiles
 a - 12 arrows
Jewellery
 f - a ring of protection from fire (left tentacle)
Scrolls
 g - a scroll of identify {unknown}
 i - a scroll of amnesia {unknown}
 k - a scroll of fear {unknown}
 l - a scroll of recharging {unknown}
 n - a scroll of enchant armour {unknown}
Potions
 e - 2 potions of mutation {unknown}
 h - 2 potions of might {unknown}
 j - a potion of berserk rage {unknown}
 m - 2 potions of flight {unknown}
 o - a potion of haste {unknown}
 p - a potion of brilliance {unknown}
Books
 b - a book of Changes

   Spells                             Type                      Level
   a - Beastly Appendage              Transmutation                1
   b - Sticks to Snakes               Transmutation                2
   c - Spider Form                    Transmutation/Poison         3
   d - Ice Form                       Ice/Transmutation            4
   e - Blade Hands                    Transmutation                5
Comestibles
 c - 2 bread rations
 d - a beef jerky


   Skills:
 - Level 1.0 Fighting
 + Level 2.6 Dodging
 + Level 3.6 Unarmed Combat
 + Level 2.7 Spellcasting
 * Level 3.4 Transmutations


You had 7 spell levels left.
You knew the following spells:

 Your Spells              Type           Power        Failure   Level  Hunger
a - Beastly Appendage     Trmt           ##....       6%          1    #......


Dungeon Overview and Level Annotations

Branches:
Dungeon (2/15)

Altars:
Ashenzari
Elyvilon
Zin
The Shining One


Innate Abilities, Weirdness & Mutations

You cannot wear most types of armour.
You are amphibious.
You can wear up to eight rings at the same time.
You can use your tentacles to constrict eight enemies at once.
Your skin changes colour to match your surroundings (Stealth).
Your rubbery body absorbs attacks (AC +1).
One of your tentacles bears a large vicious spike.


Message History

There is a large open door here.
You close the large door.
You start resting.
Your tentacle spike disappears.
You start resting.
A kobold opens the door.
It is wielding a short sword of venom.
Casting: Beastly Appendage
Confirm with . or Enter, or press ? or * to list all spells.
One of your tentacles grows a vicious spike.
The kobold throws a stone.
The stone hits you.
* * * LOW HITPOINT WARNING * * *
The kobold throws a stone.
The stone misses you. The kobold closely misses you.
There is a large open door here.
You tentacle-slap the kobold. You grab the kobold.
You pierce the kobold, but do no damage.
The kobold is moderately wounded.
You constrict the kobold.
The kobold hits you with a short sword of venom.
You die...

#....(......# ##'##
#.#.#++#.#..# ##...##
#...# #...## ##.....#
#K########K# ##.......
#†).#$?# +.####........
#K'.#((# +....+........
#.###..###..###........
#...#.(#....# ##.......
#.#.#'@#.#.## ##.....#
#..))..K.).# ##...##
####.###(..# ##'## #.#
#.#### #.# #.. ... ..
#.###
#.###.###.######.##.
#.# #.# #.#.......#.
#.# #.###.#.##......
#.# #........##...#.


You could see a kobold.

Vanquished Creatures
  Jessica (D:2)
  4 adders (D:2)
  A worm (D:2)
  2 dart slugs
  4 giant geckos
  3 bats
  4 giant cockroaches
  4 goblins
  3 hobgoblins
  3 kobolds
  A quokka (D:2)
  2 ball pythons
  2 giant newts
  3 rats
37 creatures vanquished.

Notes
Turn   | Place    | Note
--------------------------------------------------------------
     0 | D:1      | oplop the Octopode Transmuter began the quest for the Orb.
     0 | D:1      | Reached XP level 1. HP: 13/13 MP: 3/3
   209 | D:1      | Reached XP level 2. HP: 11/18 MP: 5/5
   778 | D:2      | Noticed Jessica
   784 | D:2      | Killed Jessica
   784 | D:2      | Reached XP level 3. HP: 23/23 MP: 3/6
   826 | D:2      | Found a shattered altar of Ashenzari.
   866 | D:2      | Reached XP level 4. HP: 25/28 MP: 7/7
  1142 | D:2      | Found a white marble altar of Elyvilon.
  1142 | D:2      | Found a glowing golden altar of the Shining One.
  1142 | D:2      | Found a glowing silver altar of Zin.
  1438 | D:2      | HP: 1/28 [giant cockroach (2)]
  1462 | D:2      | HP: 1/28 [kobold/stone (2)]
  1465 | D:2      | Slain by a kobold

Skill      XL: |  1  2  3 |
---------------+----------+-----
Transmutations | 3 |  3.4
Fighting       | |  1.0
Dodging        | |  2.6
Unarmed Combat | |  3.6
Spellcasting   | |  2.7

Action                   |  1- 3 |  4- 6 || total
-------------------------+-------+-------++-------
Melee: Unarmed           |    46 |    41 ||    87
       Constrict         |    15 |    10 ||    25
       Tentacles         |     4 |     2 ||     6
       Punch             |     1 |       ||     1
       Kick              |     3 |     4 ||     7
 Cast: Beastly Appendage |     5 |     7 ||    12
 Stab: Sleeping          |     4 |     4 ||     8
       Distracted        |       |     1 ||     1
  Eat: Chunk             |       |     2 ||     2
Armor: Skin              |     1 |     6 ||     7
Dodge: Dodged            |    25 |    22 ||    47
